AoeStats
← hbrandstaetter

Nomad

506080530Analyzed
2v2 RM · 21d ago on Sep 12, 2026· 21m 10s· 4 players
Game mode
Random Map
Map size
176×176
Population
200
Speed
Normal
Resources
Standard
Victory
Conquest
Starting age
Dark Age
Ending age
Imperial Age
RankedLock teamsTeams togetherTeam positionsShared explorationLock speedFull tech treeHidden civsTurbo modeCheats
Victory
Defeat
🇩🇪 Vikings · Germany
1197
+8
🇩🇪 Malians · Germany
1175
+9
🇦🇹 Malians · Austria
1061
-10
🇷🇺 Magyars · Russia
971
-7
hbrandstaetter
6:53 Loom
12:44 Feudal Age
18:45 Castle Age
19:21 Town Watch
유독한 사람
13:43 Loom
16:42 Feudal Age
20:53 Castle Age
DarkForestnotagain
4:47 Loom
14:02 Feudal Age
18:09 Castle Age
16:11 Stone Mining
17:12 Double-Bit Axe
17:22 Gold Mining
17:43 Horse Collar
18:35 Forging
18:18 Fletching
18:33 Fishing Lines
Forlong
4:51 Loom
13:16 Feudal Age
14:12 Town Watch
15:25 Fishing Lines
20:57 Castle Age
18:52 Stone Mining
19:40 Gold Mining
19:37 Double-Bit Axe
21:20 Fletching
Connection lost

Rejoining the realm…

Still unreachable

The connection could not be restored.

Session expired

The server has moved on; the page needs a fresh start.